 Dungeon Crawl Stone Soup version 0.31-a0-1626-g5cb510d322 (webtiles) character file.

Game seed: 13840962619481684458

1740 runemasterragnar the Ruffian (level 8, 0/79 HPs)
             Began as a Troll Shapeshifter on Jan 12, 2024.
             Slain by an orc warrior
             ... wielding a +0 trident
              (9 damage)
             ... on level 6 of the Dungeon.
             The game lasted 00:06:41 (5101 turns).

runemasterragnar the Ruffian (Troll Shapeshifter)   Turns: 5101, Time: 00:06:42

Health: 0/79       AC:  4    Str: 25    XL:     8   Next: 77%
Magic:  7/7        EV: 10    Int:  6    God:
Gold:   300        SH:  0    Dex:  9    Spells: 7/7 levels left

rFire   . .          .
                       - Unarmed
rCold   . . .        (no shield)
rNeg    . . .        a - +0 animal skin
rPois   .            (helmet currently unavailable)
rElec   .            (cloak currently unavailable)
rCorr   .            (gloves unavailable)
SInv    .            (boots unavailable)
Will    .....        (no amulet)
Stlth   +            (no ring)
HPRegen 1.13/turn    (no ring)
MPRegen 0.10/turn

%: no passive effects
@: beast-form
A: beast (slay +3), large, unfitting armour, claws 3, regeneration 1, shaggy fur
1, tough skin 1
a: Begin Untransformation


You were on level 6 of the Dungeon.
You were a hulking beast.
You visited 2 branches of the dungeon, and saw 7 of its levels.
You also visited: Ossuary.

You collected 465 gold pieces.
You spent 165 gold pieces at shops.

Inventory:

Missiles
 l - 3 javelins (quivered)
 n - 5 curare-tipped darts
 t - 10 poisoned darts
Armour
 a - a +0 animal skin (worn)
 x - a +0 cloak
Jewellery
 q - a ring of magical power
 F - a ring of flight
 G - an amulet of the acrobat
 L - a ring of resist corrosion
Talismans
 c - a beast talisman
 d - a flux talisman
 I - a flux talisman
Wands
 p - a wand of polymorph (7)
 v - a wand of charming (3)
 J - a wand of iceblast (5)
Scrolls
 f - a scroll of silence {unknown}
 h - 2 scrolls of poison {unknown}
 i - a scroll of revelation
 j - a scroll of noise {unknown}
 k - 4 scrolls of identify
 o - a scroll of vulnerability
 u - 2 scrolls of blinking {unknown}
 y - 2 scrolls of amnesia {unknown}
 B - 3 scrolls of immolation {unknown}
 C - a scroll of enchant weapon {unknown}
 H - a scroll of fear {unknown}
 K - a scroll of enchant armour {unknown}
Potions
 b - a potion of lignification
 e - a potion of ambrosia
 g - a potion of haste
 m - a potion of might
 r - 4 potions of curing
 s - 2 potions of heal wounds
 w - a potion of attraction
 z - 2 potions of brilliance
 A - a potion of degeneration {unknown}
 D - 2 potions of magic {unknown}
 E - a potion of cancellation {unknown}


   Skills:
 * Level 4.4 Fighting
 + Level 3.0 Throwing
 + Level 3.5 Dodging
 * Level 6.2 Unarmed Combat
 + Level 2.2 Evocations
 * Level 5.6 Shapeshifting


You had 7 spell levels left.
You didn't know any spells.
Your spell library contained the following spells:

 Spells                   Type           Power      Damage    Failure   Level
 Apportation              Tloc           0%         N/A       45%         1
 Jinxbite                 Hex            0%         N/A       58%         2
 Olgreb's Toxic Radiance  Alch           0%         N/A       99%         4
 Alistair's Intoxication  Alch           0%         N/A       100%        5
 Ozocubu's Refrigeration  Ice            0%         4d7       100%        7
 Discord                  Hex            0%         N/A       100%        8


Dungeon Overview and Level Annotations

Branches:
Dungeon (6/15)             Temple (1/1) D:6         Ossuary (visited)

Altars:
Cheibriados
Dithmenos
Elyvilon
Fedhas
Gozag
Hepliaklqana
Makhleb
Nemelex Xobeh
Ru
Sif Muna
Trog
Uskayaw
Vehumet
Xom
Yredelemnul
Zin
The Shining One

Shops:
D:3 !

Annotations:
D:4 3 runed translucent doors, Swimmer's ghost, amateur MiFi


Innate Abilities, Weirdness & Mutations

You are a hulking beast.
Your limbs bulge with bestial killing power. (Slay +3)
You are too large for most types of armour.
You have claws for hands.
Your natural rate of healing is unusually fast.
You are covered in fur. (AC +1)
You have tough skin. (AC +1)


Message History

The hound bites you.
* * * LOW HITPOINT WARNING * * *
The hound bites your centaur.
Your centaur closely misses the hound. x2
The hound barely misses you. The orc warrior misses you.
Unknown command.
The hound bites your centaur.
Your centaur closely misses the hound. x2
The hound barely misses you. The orc warrior barely misses you.
The hound bites your centaur but does no damage.
Your centaur hits the hound.
Your centaur kicks the hound.
The hound attacks as it pursues you! The hound barely misses you.
The hound barely misses your centaur.
Your centaur barely misses the hound. x2
The hound closely misses you.
Aiming: Charm
Press: ? - help, Shift-Dir - straight line, f - hound, p - centaur
Aim: a hound (heavily wounded, chance to affect: 63%)
The hound resists with significant effort.
The hound bites your centaur but does no damage.
Your centaur hits the hound.
Your centaur kicks the hound.
The hound bites you but does no damage.
The orc warrior hits you from afar with a +0 trident!
* * * LOW HITPOINT WARNING * * *
The hound bites your centaur.
Your centaur barely misses the hound.
Your centaur closely misses the hound.
The hound bites your centaur.
Your centaur hits the hound but does no damage.
Your centaur kicks the hound but does no damage.
The hound bites you but does no damage. The hound bites your centaur.
Your centaur hits the hound.
The hound dies!
The hound attacks as it pursues you! The hound barely misses you.
The orc warrior attacks as it pursues you!
The orc warrior barely misses you.
There is an open gate here.
Your centaur hits the orc warrior but does no damage.
Your centaur kicks the orc warrior.
The hound attacks as it pursues you! The hound bites you but does no damage.
Your centaur wields a +0 orcbow.
Your centaur shoots an arrow.
The arrow completely misses the hound.
The orc warrior attacks as it pursues you!
The orc warrior hits you from afar with a +0 trident!
You die... #.....#$..'.$....... #.....#...'†.o...h.. #..♣PP#.$.#$########++#### #..PP♣#..$#)..#........!.# #..♣P♣ .#.c.#.$...g.... #..PP♣# ###)>.# ...Kogg. .... #...♣P♣♣♣P#†.o# ggcoKg .hg

##...PPPPP#''h## ##### gK
#...P♣PPP♣...h♣♣♣♣P..♣♣♣### ##
#.....P♣P.....PP♣PP..P♣P♣.♣♣♣.
##....P.P.....P♣P♣P..P.P.P♣P..
##...........†.P.P......P.P..
####........................
#........###.....##(.....
##.#....## #..#..###.####
#.#.#..# #.....# #.####
#......# #.....# #.##..


You could see an orc warrior, a hound (ally target) and a friendly centaur
(charmed).

Vanquished Creatures
  Grinder (D:3)
  Eustachio (D:4)
  An orc warrior (D:6)
  An ice beast (D:5)
  A phantom (D:5)
  A scorpion (D:5)
  5 wights (D:6)
  A bombardier beetle (D:5)
  Crazy Yiuf (D:3)
  2 hounds
  2 jellies
  3 orc priests
  A gnoll bouda (D:5)
  2 iguanas
  Natasha (thrice) (D:4)
  An orc wizard (D:4)
  Terence (D:3)
  8 mummies (Ossuary)
  5 gnolls
  5 adders
  A white imp (D:6)
  2 ufetubi (D:6)
  2 dart slugs
  2 ribbon worms (D:3)
  13 orcs
  7 ball pythons
  4 bats
  5 endoplasms
  4 giant cockroaches
  15 goblins
  13 hobgoblins
  7 kobolds
  2 quokkas
  5 frilled lizards
  4 hobgoblin zombies (Ossuary)
  2 kobold zombies (Ossuary)
  2 orc zombies (Ossuary)
  A rat (D:3)
137 creatures vanquished.

Vanquished Creatures (collateral kills)
  A hound (D:6)
1 creature vanquished.

Vanquished Creatures (others)
  A hobgoblin (D:6)
1 creature vanquished.

Grand Total: 139 creatures vanquished

Notes
Turn   | Place    | Note
-------+----------+-------------------------------------------
     0 | D:1      | runemasterragnar the Troll Shapeshifter began the quest for
                  | the Orb.
     0 | D:1      | Reached XP level 1. HP: 18/18 MP: 0/0
    43 | D:1      | Reached skill level 1 in Fighting
   285 | D:1      | Reached XP level 2. HP: 27/27 MP: 1/1
   509 | D:1      | Reached XP level 3. HP: 33/33 MP: 2/2
  1773 | D:3      | Found Woeren's Distillery.
  1781 | D:3      | Bought a potion of curing for 33 gold pieces
  1781 | D:3      | Bought a potion of lignification for 33 gold pieces
  1784 | D:3      | Noticed Terence
  1790 | D:3      | Killed Terence
  1791 | D:3      | Reached XP level 4. HP: 42/42 MP: 3/3
  2029 | D:3      | Found a runed translucent door.
  2030 | D:3      | Noticed Crazy Yiuf
  2142 | D:3      | Noticed Grinder
  2153 | D:3      | Paralysed by Grinder for 5 turns
  2184 | D:3      | Killed Grinder
  2185 | D:3      | Reached skill level 1 in Throwing
  2185 | D:3      | Reached skill level 4 in Unarmed Combat
  2185 | D:3      | Reached XP level 5. HP: 50/50 MP: 4/4
  2185 | D:3      | Reached XP level 6. HP: 59/59 MP: 5/5
  2362 | D:3      | Found a bloodstained altar of Trog.
  2588 | D:3      | Killed Crazy Yiuf
  2708 | D:4      | Found a sand-covered staircase.
  2712 | Ossuary  | Entered an ossuary
  2752 | Ossuary  | Reached skill level 1 in Evocations
  3016 | D:4      | Found a runed translucent gate.
  3016 | D:4      | Identified the +5 sling "Jecacu Dono" {elec, Int+4}
  3016 | D:4      | Identified the +5 scale mail of the Buccaneer {+Blink
                  | Will++ MP+9}
  3017 | D:4      | Found a runed translucent gate.
  3065 | D:3      | Bought a potion of heal wounds for 55 gold pieces
  3065 | D:3      | Bought a potion of brilliance for 44 gold pieces
  3125 | D:4      | Noticed Eustachio
  3139 | D:4      | Killed Eustachio
  3140 | D:4      | Reached XP level 7. HP: 42/67 MP: 6/6
  3244 | D:4      | Reached skill level 5 in Unarmed Combat
  3323 | D:4      | Noticed Natasha
  3328 | D:4      | Killed Natasha
  3474 | D:4      | Noticed Swimmer's ghost (amateur MiFi)
  3475 | D:4      | Found a runed translucent gate.
  3481 | D:4      | Noticed Natasha
  3488 | D:4      | Killed Natasha
  3714 | D:4      | Noticed Natasha
  3718 | D:4      | Killed Natasha
  3884 | D:5      | Entered Level 5 of the Dungeon
  4008 | D:5      | Reached XP level 8. HP: 68/76 MP: 7/7
  4044 | D:5      | Reached skill level 5 in Shapeshifting
  4602 | D:6      | Found a shimmering blue altar of Sif Muna.
  4627 | D:6      | Reached skill level 6 in Unarmed Combat
  4696 | D:6      | Found a staircase to the Ecumenical Temple.
  4841 | Temple   | Entered the Ecumenical Temple
  5101 | D:6      | Slain by an orc warrior

Illustrated notes

Levels and vault maps discovered:
D:1:      scummos_arrival_star, layout_basic
D:2:      layout_loops_corners
D:3:      layout_loops_ring, mainiacjoe_overflow_chevrons, serial_shops,
          nicolae_shop_pleasant_corner_grove, chequers_serial_rivers_small_b,
          uniq_crazy_yiuf_cottage, uniq_terence, uniq_grinder
D:4:      layout_basic, serial_curves, eino_curves_03, eino_curves_04,
          biasface_ghost_orc_armoury, enter_ossuary_5, kennysheep_doodads,
          uniq_natasha, uniq_eustachio
D:5:      layout_loops_cross
D:6:      kennysheep_housing_project, layout_loops_cross,
          regret_index_kikubaaqudgha_part_by_part,
          mainiacjoe_overflow_surrounded_room, temple_green
Temple:   hellmonk_temple_two_chambers

Skill      XL: |  1  2  3  4  5  6  7  8 |
---------------+-------------------------+-----
Fighting       | 1 2 3 4 |  4.4
Dodging        | 2 3 |  3.5
Throwing       | 1 2 3 |  3.0
Unarmed Combat | 4 5 6 |  6.2
Shapeshifting  | 4 5 |  5.6
Evocations     | 1 2 |  2.2

Action                     |  1- 3 |  4- 6 |  7- 9 || total
---------------------------+-------+-------+-------++-------
  Melee: Unarmed           |    90 |   117 |   159 ||   366
         Punch             |     3 |     5 |     4 ||    12
  Throw: Javelin           |       |     9 |       ||     9
         Dart              |       |     3 |       ||     3
  Evoke: Wand              |       |       |     2 ||     2
    Use: Potion            |       |     1 |       ||     1
         Scroll            |       |     6 |       ||     6
   Stab: Sleeping          |     1 |       |       ||     1
 Armour: Animal skin       |    52 |    73 |   100 ||   225
         Skin              |       |     5 |       ||     5
  Dodge: Dodged            |    35 |    64 |    82 ||   181

Table legend: (Time is in decaauts)
 A = Elapsed time spent in this place.
 B = Non-inter-level travel time spent in this place.
 C = Inter-level travel time spent in this place.
 D = Time resting spent in this place.
 E = Time spent auto-exploring this place.
 F = Levels seen in this place.
 G = Mean time per level.
                   A        B        C        D        E       F      G
               +--------+--------+--------+--------+--------+-----+--------+
         Total |   5073 |   4820 |    253 |    350 |   3568 |   8 |  634.1 |
       Dungeon |   4865 |   4612 |    253 |    350 |   3454 |   6 |  810.8 |
        Temple |      1 |      1 |      0 |      0 |      0 |   1 |    1.0 |
       Ossuary |    205 |    205 |      0 |      0 |    114 |   1 |  205.0 |
               +--------+--------+--------+--------+--------+-----+--------+

Top non-repeatable levels by time:
     D:3: 1048 daAuts
     D:4: 922 daAuts
     D:1: 854 daAuts
     D:2: 837 daAuts
     D:6: 603 daAuts
     D:5: 598 daAuts
 Ossuary: 205 daAuts
  Temple: 1 daAuts
